 Dungeon Crawl Stone Soup version 0.25-a0-510-ge065f6de7d (webtiles) character file.

Game seed: 3408560260033460126, levelgen mode: deterministic

19 Forecaster the Charmwright (level 2, -1/22 HPs)
             Began as a Merfolk Skald on Feb 15, 2020.
             Slain by a leopard gecko (3 damage)
             ... on level 1 of the Dungeon.
             The game lasted 00:04:06 (857 turns).

Forecaster the Charmwright (Merfolk Skald)           Turns: 857, Time: 00:04:06

Health: -1/22      AC:  3    Str: 16    XL:     2   Next: 75%
Magic:  5/5        EV: 13    Int: 12    God:
Gold:   13         SH:  0    Dex: 13    Spells: 4/5 levels left

rFire    . . .     SeeInvis .   a - +0 spear
rCold    . . .     Gourm    .   (no shield)
rNeg     . . .     Faith    .   b - +0 leather armour
rPois    .         Spirit   .   (no helmet)
rElec    .         Reflect  .   (no cloak)
rCorr    .         Harm     .   (no gloves)
MR       .....                  (no boots)
Stlth    +.........             (no amulet)
HPRegen  0.07/turn              (no ring)
MPRegen  0.09/turn              (no ring)

@: mighty
A: change form in water, swift swim, stealthy swim
a: no special abilities


You were on level 1 of the Dungeon.
You were not hungry.

You visited 1 branch of the dungeon, and saw 1 of its levels.

You collected 13 gold pieces.

Inventory:

Hand Weapons
 a - a +0 spear (weapon)
 e - a +0 dagger
Missiles
 g - 21 stones (quivered)
Armour
 b - a +0 leather armour (worn)
Scrolls
 c - 2 scrolls of identify {unknown}
Comestibles
 d - a ration


   Skills:
 + Level 2.3 Fighting
 + Level 3.6 Polearms
 + Level 0.6 Armour
 + Level 3.1 Dodging
 + Level 2.0 Spellcasting
 + Level 3.6 Charms


You had 4 spell levels left.
You knew the following spells:

 Your Spells              Type           Power        Failure   Level  Hunger
a - Infusion              Chrm           #...         8%          1    ##.....

Your spell library contained the following spells:

 Spells                   Type           Power        Failure   Level  Hunger
 Song of Slaying          Chrm           #.......     12%         2    ###....
 Shroud of Golubria       Chrm/Tloc      #.....       24%         2    ###....
 Ozocubu's Armour         Chrm/Ice       #.......     43%         3    ####...
 Spectral Weapon          Hex/Chrm       #.......     43%         3    ####...


Dungeon Overview and Level Annotations

Branches:
Dungeon (1/15)

Altars:


Message History

The leopard gecko closely misses you.
You hit the hobgoblin.
You kill the hobgoblin!
The leopard gecko bites you but does no damage.
The kobold completely misses you. The goblin closely misses you.
The leopard gecko barely misses you.
Casting: Infusion (safe; 8% risk of failure)
Confirm with . or Enter, or press ? or * to list all spells.
Okay, then.
It was a potion of curing.
You feel better. The leopard gecko misses you. The leopard gecko bites you.
The kobold hits you.
* * * LOW HITPOINT WARNING * * *
The goblin hits you with a +0 dagger.
* * * LOW HITPOINT WARNING * * *
You hit the kobold.
The kobold is heavily wounded.
The leopard gecko barely misses you. The leopard gecko closely misses you.
The kobold closely misses you. The goblin closely misses you.
You miss the goblin. The leopard gecko bites you.
You die...

?........... ........
#.....#...# #.##.#.
####.....#...#####.##.#.
...#.....#.#.#..........
........................
............#.###.####.
..#....#.#.#.# #.# #.
#.g..#.#.... ... ..
#.l@.....#.###### #.
......l.K....#.# #.
.....$.......... ..
.##.#...##...#### #.
.............. .####.#.#
..... #.#.# ..## ..#.#
.#


You could see 2 leopard geckos, a goblin and a kobold.

Vanquished Creatures
  2 dart slugs (D:1)
  A goblin (D:1)
  3 hobgoblins (D:1)
  4 bats (D:1)
  A frilled lizard (D:1)
  2 kobolds (D:1)
  2 rats (D:1)
15 creatures vanquished.

Notes
Turn   | Place    | Note
-------+----------+-------------------------------------------
     0 | D:1      | Forecaster the Merfolk Skald began the quest for the Orb.
     0 | D:1      | Reached XP level 1. HP: 16/16 MP: 3/3
    72 | D:1      | Reached XP level 2. HP: 2/22 MP: 5/5
   857 | D:1      | Slain by a leopard gecko

Levels and vault maps discovered:
D:1:      dpeg_arrival_lava_altar, layout_basic, hangedman_feature_mirror

Skill      XL: |  1  2 |
---------------+-------+-----
Dodging        | 3 |  3.1
Fighting       | |  2.3
Polearms       | |  3.6
Armour         | |  0.6
Spellcasting   | |  2.0
Charms         | |  3.6

Action                   || total
-------------------------++-------
Melee: Spear             ||    74
  Use: Potion            ||     4
Armor: Leather armour    ||    41
Dodge: Dodged            ||    83

Table legend:
 A = Non-vault XP
 B = Vault XP
 C = Vault XP percentage of total XP
 D = Non-vault monster count
 E = Vault monster count
 F = Vault count percentage of total count
                 A         B        C        D         E       F
            +---------+---------+-------+---------+---------+-------
      Total |      20 |       8 |  28.6 |      12 |       3 |  20.0
            +---------+---------+-------+---------+---------+-------
        D:1 |      20 |       8 |  28.6 |      12 |       3 |  20.0
            +---------+---------+-------+---------+---------+-------
